ITL
ALLENTOWN HILLBILLIES @ BIRMINGHAM BARONS
05/28/2028
 
TOP OF THE 1ST
Allentown Hillbillies batting - Pitching for Birmingham Barons : LHP Richard Simpson
Pitching: LHP Richard Simpson
Batting: LHB António Salazar 0-0: Fly out, F8 (Flyball, 89S)
Batting: RHB Bartolo López 0-0: Ball
1-0: Fly out, F9 (Line Drive, 89M)
Batting: LHB Rafael Flores 0-0: Called Strike
0-1: Called Strike
0-2: Fly out, F8 (Flyball, 78M)
Top of the 1st over - 0 run(s), 0 hit(s), 0 error(s), 0 left on base; Allentown 0 - Birmingham 0
BOTTOM OF THE 1ST
Birmingham Barons batting - Pitching for Allentown Hillbillies : RHP Juan Martínez
Pitching: RHP Juan Martínez
Batting: SHB Tony Echevarría 0-0: Ground out 6-3 (Groundball, 6M)
Batting: RHB Dave Dawson 0-0: Ball
1-0: Ball
2-0: Ground out 4-3 (Groundball, 4)
Batting: RHB Juan Jiménez 0-0: Ball
1-0: Ball
2-0: Ball
3-0: Base on Balls
Batting: RHB Warren Martin 0-0: Swinging Strike
0-1: SINGLE (Groundball, 56D)
Juan Jiménez to second
Batting: LHB José Rivera 0-0: Foul Ball, location: 2F
0-1: Ball
1-1: Called Strike
1-2: Strikes out swinging
Bottom of the 1st over - 0 run(s), 1 hit(s), 0 error(s), 2 left on base; Allentown 0 - Birmingham 0
TOP OF THE 2ND
Allentown Hillbillies batting - Pitching for Birmingham Barons : LHP Richard Simpson
Batting: RHB Carl Brown 0-0: Ball
1-0: Swinging Strike
1-1: Ground out 5-3 (Groundball, 5)
Batting: RHB Albert Lutz 0-0: Ball
1-0: Ball
2-0: Ball
3-0: Called Strike
3-1: Ground out 4-3 (Groundball, 4M)
Batting: RHB Dan Banks 0-0: Called Strike
0-1: Foul Ball, location: 2F
0-2: Foul Ball, location: 2F
0-2: SINGLE (Line Drive, 34)
Batting: RHB António Yánez Pickoff Throw to First - Out!
Top of the 2nd over - 0 run(s), 1 hit(s), 0 error(s), 0 left on base; Allentown 0 - Birmingham 0
BOTTOM OF THE 2ND
Birmingham Barons batting - Pitching for Allentown Hillbillies : RHP Juan Martínez
Batting: RHB Peyton Yardley 0-0: Foul Ball, location: 2F
0-1: Ball
1-1: Swinging Strike
1-2: Strikes out swinging
Batting: LHB John Haney 0-0: Ball
1-0: Ball
2-0: Called Strike
2-1: Ball
3-1: Called Strike
3-2: Base on Balls
Batting: RHB Yujiro Kurihara 0-0: Ball
1-0: Foul Ball, location: 2F
1-1: Swinging Strike
1-2: Foul Ball, location: 2F
1-2: Strikes out swinging
Batting: RHB Vicente Elías 0-0: Called Strike
0-1: Called Strike
0-2: Ball
1-2: Foul Ball, location: 2F
1-2: Strikes out swinging, 2-3 out at first.
Bottom of the 2nd over - 0 run(s), 0 hit(s), 0 error(s), 1 left on base; Allentown 0 - Birmingham 0
TOP OF THE 3RD
Allentown Hillbillies batting - Pitching for Birmingham Barons : LHP Richard Simpson
Batting: RHB António Yánez 0-0: Called Strike
0-1: Fly out, F9 (Flyball, 9LSF)
Batting: LHB John Hudson 0-0: Called Strike
0-1: Ball
1-1: Swinging Strike
1-2: Ball
2-2: Ball
3-2: Foul Ball, location: 2F
3-2: Ground out 3-1 (Groundball, 34S)
Batting: RHB Joel Jackson 0-0: Swinging Strike
0-1: Foul Ball, location: 2F
0-2: Strikes out swinging
Top of the 3rd over - 0 run(s), 0 hit(s), 0 error(s), 0 left on base; Allentown 0 - Birmingham 0
BOTTOM OF THE 3RD
Birmingham Barons batting - Pitching for Allentown Hillbillies : RHP Juan Martínez
Batting: SHB Tony Echevarría 0-0: Called Strike
0-1: Called Strike
0-2: Fly out, F8 (Flyball, 78S)
Batting: RHB Dave Dawson 0-0: SINGLE (Flyball, 8RS)
Batting: RHB Juan Jiménez 0-0: Ball
1-0: Called Strike
1-1: Foul Ball, location: 2F
1-2: Strikes out swinging
Batting: RHB Warren Martin 0-0: Ball
1-0: Swinging Strike
1-1: Called Strike
1-2: Ball
2-2: Fly out, F5 (Popup, 5)
Bottom of the 3rd over - 0 run(s), 1 hit(s), 0 error(s), 1 left on base; Allentown 0 - Birmingham 0
TOP OF THE 4TH
Allentown Hillbillies batting - Pitching for Birmingham Barons : LHP Richard Simpson
Batting: LHB António Salazar 0-0: Foul Ball, location: 2F
0-1: Ball
1-1: SINGLE (Groundball, 56S) (infield hit)
Batting: RHB Bartolo López 0-0: Called Strike
0-1: Fielders Choice at 2nd, 4-6 (Groundball, 4)
Batting: LHB Rafael Flores 0-0: Ball
1-0: Ball
2-0: Ball
3-0: Called Strike
3-1: Foul Ball, location: 2F
3-2: 2-RUN HOME RUN (Flyball, 7D), Distance : 357 ft
Batting: RHB Carl Brown 0-0: Called Strike
0-1: Ball
1-1: Fly out, F7 (Flyball, 78D)
Batting: RHB Albert Lutz 0-0: SINGLE (Groundball, 34D)
Batting: RHB Dan Banks 0-0: SINGLE (Line Drive, 7S)
Albert Lutz to second
Batting: RHB António Yánez 0-0: Foul Ball, location: 2F
0-1: Fly out, F9 (Flyball, 9S)
Top of the 4th over - 2 run(s), 4 hit(s), 0 error(s), 2 left on base; Allentown 2 - Birmingham 0
BOTTOM OF THE 4TH
Birmingham Barons batting - Pitching for Allentown Hillbillies : RHP Juan Martínez
Batting: LHB José Rivera 0-0: Ground out 3-1 (Groundball, 34)
Batting: RHB Peyton Yardley 0-0: Foul Ball, location: 2F
0-1: Swinging Strike
0-2: Ball
1-2: Strikes out swinging
Batting: LHB John Haney 0-0: Ball
1-0: Ball
2-0: Called Strike
2-1: Ball
3-1: Foul Ball, location: 2F
3-2: Foul Ball, location: 2F
3-2: Strikes out swinging
Bottom of the 4th over - 0 run(s), 0 hit(s), 0 error(s), 0 left on base; Allentown 2 - Birmingham 0
TOP OF THE 5TH
Allentown Hillbillies batting - Pitching for Birmingham Barons : LHP Richard Simpson
Batting: LHB John Hudson 0-0: Foul Ball, location: 2F
0-1: Ball
1-1: Ground out 4-3 (Groundball, 4M)
Batting: RHB Joel Jackson 0-0: Foul Ball, location: 2F
0-1: Called Strike
0-2: Foul Ball, location: 2F
0-2: Ball
1-2: Ball
2-2: Foul Ball, location: 2F
2-2: Strikes out swinging
Batting: LHB António Salazar 0-0: Swinging Strike
0-1: Ball
1-1: SINGLE (Groundball, 6D)
Pitching: RHP Rick Grant
Batting: RHB Bartolo López 0-0: Ball
1-0: Ball
António Salazar is caught stealing 2nd base
Top of the 5th over - 0 run(s), 1 hit(s), 0 error(s), 0 left on base; Allentown 2 - Birmingham 0
BOTTOM OF THE 5TH
Birmingham Barons batting - Pitching for Allentown Hillbillies : RHP Juan Martínez
Batting: RHB Yujiro Kurihara 0-0: Ball
1-0: Ball
2-0: Ball
3-0: Base on Balls
Batting: RHB Vicente Elías 0-0: SINGLE (Line Drive, 5D)
Yujiro Kurihara to second
Batting: SHB Tony Echevarría 0-0: Ball
1-0: Ball
2-0: Ball
3-0: Swinging Strike
3-1: Fly out, F7 (Flyball, 7)
Batting: RHB Dave Dawson 0-0: Called Strike
0-1: Ball
1-1: Foul Ball, location: 2F
1-2: Ball
2-2: Strikes out swinging
Batting: RHB Juan Jiménez 0-0: Called Strike
0-1: Foul Ball, location: 2F
0-2: Ball
1-2: Ball
2-2: SINGLE (Groundball, 56D)
Yujiro Kurihara to third
Vicente Elías to second
Runner from 3rd tries for Home, SAFE, no throw
Batting: RHB Warren Martin 0-0: Ball
1-0: SINGLE (Groundball, 6MD)
Vicente Elías to third
Juan Jiménez to second
Runner from 3rd tries for Home, SAFE, throw made home
Juan Jiménez to third
Warren Martin to second
Batting: LHB José Rivera 0-0: Called Strike
0-1: Swinging Strike
0-2: Ball
1-2: Ball
2-2: Strikes out swinging
Bottom of the 5th over - 2 run(s), 3 hit(s), 0 error(s), 2 left on base; Allentown 2 - Birmingham 2
TOP OF THE 6TH
Allentown Hillbillies batting - Pitching for Birmingham Barons : RHP Rick Grant
Batting: RHB Bartolo López 0-0: Ground out 4-3 (Groundball, 4)
Batting: LHB Rafael Flores 0-0: Foul Ball, location: 2F
0-1: Swinging Strike
0-2: Ball
1-2: Strikes out swinging
Batting: RHB Carl Brown 0-0: Called Strike
0-1: Called Strike
0-2: Ball
1-2: Foul Ball, location: 2F
1-2: Fly out, F9 (Line Drive, 9D)
Top of the 6th over - 0 run(s), 0 hit(s), 0 error(s), 0 left on base; Allentown 2 - Birmingham 2
BOTTOM OF THE 6TH
Birmingham Barons batting - Pitching for Allentown Hillbillies : RHP Juan Martínez
Batting: RHB Peyton Yardley 0-0: Foul Ball, location: 2F
0-1: Bunted foul
0-2: Foul Ball, location: 2F
0-2: SINGLE (Groundball, 5D)
Batting: LHB John Haney 0-0: Ball
1-0: Fielders Choice at 2nd, 4-6 (Groundball, 4M)
Batting: RHB Yujiro Kurihara 0-0: Called Strike
John Haney steals 2nd base
0-1: Foul Ball, location: 2F
0-2: Strikes out swinging
Batting: RHB Vicente Elías 0-0: Ball
1-0: Ball
2-0: Ball
3-0: Called Strike
3-1: Base on Balls
Pitching: LHP Nick Merrit
Batting: SHB Tony Echevarría 0-0: Ball
1-0: Foul Ball, location: 2F
1-1: Foul Ball, location: 2F
1-2: Ball
2-2: Strikes out swinging
Bottom of the 6th over - 0 run(s), 1 hit(s), 0 error(s), 2 left on base; Allentown 2 - Birmingham 2
TOP OF THE 7TH
Allentown Hillbillies batting - Pitching for Birmingham Barons : RHP Rick Grant
Batting: RHB Albert Lutz 0-0: Called Strike
0-1: Ball
1-1: Foul Ball, location: 2F
1-2: Fly out, F9 (Flyball, 9S)
Batting: RHB Dan Banks 0-0: Ball
1-0: Fly out, F2 (Popup, 34S)
Pinch Hitting: RHB Donald Sanford 0-0: Ball
1-0: Ball
2-0: Foul Ball, location: 2F
2-1: Foul Ball, location: 2F
2-2: Ball
3-2: Foul Ball, location: 2F
3-2: Fly out, F8 (Line Drive, 89D)
Top of the 7th over - 0 run(s), 0 hit(s), 0 error(s), 0 left on base; Allentown 2 - Birmingham 2
BOTTOM OF THE 7TH
Birmingham Barons batting - Pitching for Allentown Hillbillies : LHP Nick Merrit
Now at SS: Donald Sanford
Batting: RHB Dave Dawson 0-0: Called Strike
0-1: Swinging Strike
0-2: Ball
1-2: Ball
2-2: Fly out, F4 (Line Drive, 4M)
Batting: RHB Juan Jiménez 0-0: Ball
1-0: Swinging Strike
1-1: Ball
2-1: Ball
3-1: Base on Balls
Pinch Hitting: RHB Carlos García 0-0: Ball
1-0: Fly out, F8 (Flyball, 89M)
Pinch Hitting: RHB Eric Johnson 0-0: Called Strike
0-1: Called Strike
0-2: Ball
1-2: DOUBLE (Line Drive, 89D)
Juan Jiménez to third
Pinch Hitting: RHB Todd Rogers 0-0: Ball
1-0: Foul Ball, location: 2F
1-1: Foul Ball, location: 2F
1-2: Ball
2-2: Ball
3-2: Fly out, F2 (Popup, 3S)
Bottom of the 7th over - 0 run(s), 1 hit(s), 0 error(s), 2 left on base; Allentown 2 - Birmingham 2
TOP OF THE 8TH
Allentown Hillbillies batting - Pitching for Birmingham Barons : RHP Rick Grant
Now at 1B: Carlos García
Now in LF: Eric Johnson
Now in RF: Pete Smith
Batting: LHB John Hudson 0-0: Ground out U3 (Groundball, 3)
Batting: RHB Joel Jackson 0-0: Called Strike
0-1: Foul Ball, location: 2F
0-2: Strikes out swinging
Batting: LHB António Salazar 0-0: Called Strike
0-1: Ball
1-1: Ball
2-1: Fly out, F9 (Line Drive, 89S)
Top of the 8th over - 0 run(s), 0 hit(s), 0 error(s), 0 left on base; Allentown 2 - Birmingham 2
BOTTOM OF THE 8TH
Birmingham Barons batting - Pitching for Allentown Hillbillies : LHP Nick Merrit
Pinch Hitting: RHB Vicente Carona 0-0: Ground out 5-3 (Groundball, 56)
Batting: RHB Yujiro Kurihara 0-0: Foul Ball, location: 2F
0-1: Ball
1-1: Foul Ball, location: 2F
1-2: Foul Ball, location: 2F
1-2: Ball
2-2: Ball
3-2: Strikes out looking
Batting: RHB Vicente Elías 0-0: Swinging Strike
0-1: Swinging Strike
0-2: Strikes out swinging
Bottom of the 8th over - 0 run(s), 0 hit(s), 0 error(s), 0 left on base; Allentown 2 - Birmingham 2
TOP OF THE 9TH
Allentown Hillbillies batting - Pitching for Birmingham Barons : RHP Rick Grant
Pitching: RHP Ken Lyons
Now in CF: Alberto Santos
Batting: RHB Bartolo López 0-0: Ball
1-0: Ball
2-0: Ball
3-0: Called Strike
3-1: Base on Balls
Pinch Hitting: LHB Marcos Vargas 0-0: Called Strike
0-1: Fielders Choice at 2nd, 4-6 (Groundball, 4)
Batting: RHB Carl Brown 0-0: Called Strike
0-1: Foul Ball, location: 2F
0-2: Ball
Marcos Vargas is caught stealing 2nd base
1-2: Fly out, F8 (Flyball, 78XD)
Top of the 9th over - 0 run(s), 0 hit(s), 0 error(s), 0 left on base; Allentown 2 - Birmingham 2
BOTTOM OF THE 9TH
Birmingham Barons batting - Pitching for Allentown Hillbillies : LHP Nick Merrit
Now at SS: Marcos Vargas
Pinch Hitting: RHB Bryant von Bohlen 0-0: Ball
1-0: Swinging Strike
1-1: Ball
2-1: SINGLE (Groundball, 34D)
Batting: RHB Dave Dawson 0-0: Ball
1-0: Ball
2-0: Called Strike
2-1: Foul Ball, location: 2F
2-2: Fly out, F6 (Popup, 6MD)
Pitching: RHP Pepe Fernández
Pinch Hitting: LHB Curt Walker 0-0: Ball
1-0: Ball
2-0: Foul Ball, location: 2F
2-1: Ball
3-1: Base on Balls
Bryant von Bohlen to second
Batting: RHB Carlos García 0-0: Swinging Strike
0-1: Ball
1-1: Ball
2-1: Called Strike
2-2: Strikes out looking
Batting: RHB Eric Johnson 0-0: Ball
1-0: Fly out, F4 (Popup, 4)
Bottom of the 9th over - 0 run(s), 1 hit(s), 0 error(s), 2 left on base; Allentown 2 - Birmingham 2
TOP OF THE 10TH
Allentown Hillbillies batting - Pitching for Birmingham Barons : RHP Ken Lyons
Now at C: Bryant von Bohlen
Now at 3B: Curt Walker
Batting: RHB Albert Lutz 0-0: Ball
1-0: Ball
2-0: SINGLE (Groundball, 4) (infield hit)
Batting: RHB Dan Banks 0-0: Ball
1-0: Ball
2-0: Called Strike
2-1: Fielders Choice at 2nd, 5-4 (Groundball, 56)
Batting: RHB Donald Sanford 0-0: Foul Ball, location: 2F
0-1: Swinging Strike
0-2: Strikes out swinging
Batting: LHB John Hudson 0-0: Ball
Dan Banks steals 2nd base
1-0: Foul Ball, location: 2F
1-1: Foul Ball, location: 2F
1-2: Strikes out swinging
Top of the 10th over - 0 run(s), 1 hit(s), 0 error(s), 1 left on base; Allentown 2 - Birmingham 2
BOTTOM OF THE 10TH
Birmingham Barons batting - Pitching for Allentown Hillbillies : RHP Pepe Fernández
Pinch Hitting: LHB Lee Reeves 0-0: Swinging Strike
0-1: Ball
1-1: Foul Ball, location: 2F
1-2: Strikes out swinging
Pitching: LHP Emílio Trevino
Batting: LHB Alberto Santos 0-0: Foul Ball, location: 2F
0-1: Fly out, F8 (Flyball, 8RS)
Batting: RHB Yujiro Kurihara 0-0: Called Strike
0-1: Fly out, F3 (Popup, 3S)
Bottom of the 10th over - 0 run(s), 0 hit(s), 0 error(s), 0 left on base; Allentown 2 - Birmingham 2
TOP OF THE 11TH
Allentown Hillbillies batting - Pitching for Birmingham Barons : RHP Ken Lyons
Now at 1B: Lee Reeves
Batting: RHB Joel Jackson 0-0: Ball
1-0: Ball
2-0: SINGLE (Groundball, 56D)
Batting: LHB António Salazar 0-0: Ball
1-0: Bunted foul
1-1: Bunted foul
1-2: Ball
2-2: Foul Ball, location: 2F
2-2: Ball
3-2: Foul Ball, location: 2F
3-2: Base on Balls
Joel Jackson to second
Batting: RHB Bartolo López 0-0: Ball
1-0: Sac Bunt - play at first, batter OUT! 2-4
Joel Jackson to third
António Salazar to second
Batting: LHB Marcos Vargas 0-0: Ball
1-0: Called Strike
1-1: Fly out, F3 (Line Drive, 3L)
Batting: RHB Carl Brown 0-0: Called Strike
0-1: Foul Ball, location: 2F
0-2: Strikes out swinging
Top of the 11th over - 0 run(s), 1 hit(s), 0 error(s), 2 left on base; Allentown 2 - Birmingham 2
BOTTOM OF THE 11TH
Birmingham Barons batting - Pitching for Allentown Hillbillies : LHP Emílio Trevino
Batting: RHB Vicente Elías 0-0: Foul Ball, location: 2F
0-1: Ball
1-1: Foul Ball, location: 2F
1-2: Ball
2-2: Foul Ball, location: 2F
2-2: Foul Ball, location: 2F
2-2: Ground out 6-3 (Groundball, 6)
Batting: RHB Bryant von Bohlen 0-0: Called Strike
0-1: Ball
1-1: Ball
2-1: Ball
3-1: Base on Balls
Batting: RHB Dave Dawson 0-0: Ball
1-0: Ball
2-0: Ball
3-0: Base on Balls
Bryant von Bohlen to second
Pinch Hitting: RHB Jean-Paul St-Pierre 0-0: SINGLE (Line Drive, 34D)
Bryant von Bohlen to third
Dave Dawson to second
Runner from 3rd tries for Home, SAFE, throw made home
Tuesday, August 8th, 2017 - OOTP Baseball 17.12 Build 75